AoeStats
← kV0t3

Arabia

508969655Analyzed
1v1 RM · 7d ago on Sep 24, 2026· 55m 11s· 2 players
Game mode
Random Map
Map size
Tiny (2 player)
Population
200
Speed
Normal
Resources
Standard
Victory
Conquest
Starting age
Dark Age
Ending age
Imperial Age
RankedLock teamsTeams togetherTeam positionsShared explorationLock speedFull tech treeHidden civsTurbo modeCheats
Victory
Defeat
🇦🇷 Malians · Argentina
1334
+13
🇦🇷 Maya · Argentina
1271
-13
kV0t3
0:25 Loom
9:10 Feudal Age
9:30 Man-at-Arms
11:43 Arson
14:38 Double-Bit Axe
17:02 Wheelbarrow
20:02 Gold Mining
22:24 Castle Age
21:27 Scale Mail Armor
21:37 Forging
21:35 Fletching
21:45 Horse Collar
22:29 Long Swordsman
23:29 Bow Saw
24:21 Bodkin Arrow
25:04 Iron Casting
24:32 Squires
24:39 Crossbowman
25:47 Bodkin Arrow
26:46 Padded Archer Armor
28:02 Ballistics
28:46 Town Watch
29:59 Leather Archer Armor
30:36 Thumb Ring
41:22 Imperial Age
42:05 Bracer
41:33 Arbalester
44:14 Chemistry
44:19 Guard Tower
47:31 Ring Archer Armor
50:22 Chain Mail Armor
53:37 Keep
54:43 Fortified Wall
54:44 Masonry
Ikki de Fenix
6:04 Loom
9:12 Feudal Age
9:42 Double-Bit Axe
22:20 Castle Age
20:37 Horse Collar
21:18 Gold Mining
21:58 Scale Mail Armor
25:14 Forging
25:34 Squires
28:39 Wheelbarrow
28:41 Chain Mail Armor
30:34 Iron Casting
30:43 Bow Saw
30:22 Town Watch
31:01 Squires
37:08 Fletching
43:06 Imperial Age
41:57 Arson
42:38 Man-at-Arms
43:50 Hand Cart
44:22 Plate Mail Armor
44:59 Gold Shaft Mining
43:52 Long Swordsman
44:53 Heavy Plow
44:55 Two-Handed Swordsman
45:53 Champion
49:34 Stone Mining
50:14 Conscription
Connection lost

Rejoining the realm…

Still unreachable

The connection could not be restored.

Session expired

The server has moved on; the page needs a fresh start.